 Dungeon Crawl Stone Soup version 0.28-b1-1-g3c77fb2ed1 (webtiles) character file.

Game seed: 8462645245145290399

63 zeram the Sneak (level 4, 0/29 HPs)
             Began as an Octopode Brigand on Jan 28, 2022.
             Slain by Natasha (1 damage)
             ... on level 2 of the Dungeon.
             The game lasted 00:01:53 (1143 turns).

zeram the Sneak (Octopode Brigand)                  Turns: 1143, Time: 00:01:54

Health: 0/29       AC:  1    Str: 12    XL:     4   Next: 10%
Magic:  13/13      EV: 12    Int: 13    God:
Gold:   21         SH:  0    Dex: 13    Spells: 3/3 levels left

rFire   . . .      SeeInvis .   a - +3 dagger
rCold   . . .      Faith    .   (no shield)
rNeg    . . .      Spirit   .   (helmet restricted)
rPois   .          Reflect  .   (no amulet)
rElec   .          Harm     .   f - ring of magical power
rCorr   .          Rampage  .   (no ring)
Will    .....                   (no ring)
Stlth   ++++......              (no ring)
HPRegen 0.09/turn               (no ring)
MPRegen 0.13/turn               (no ring)
                                (no ring)
                                (no ring)

@: no status effects
A: almost no armour, amphibious, 8 rings, camouflage 1, gelatinous body 1,
(nimble swimmer 1), tentacles
a: no special abilities


You were on level 2 of the Dungeon.
You visited 1 branch of the dungeon, and saw 2 of its levels.

You collected 21 gold pieces.

Inventory:

Hand Weapons
 a - a +3 dagger (weapon)
 h - a +0 dagger of draining
Missiles
 b - 8 poisoned darts (quivered)
 c - 2 curare-tipped darts
Jewellery
 f - a ring of magical power (left tentacle)
Scrolls
 d - a scroll of amnesia
Potions
 g - a potion of might {unknown}
 i - 2 potions of degeneration


   Skills:
 - Level 2.0 Fighting
 + Level 2.3 Short Blades
 - Level 2.0 Throwing
 + Level 1.1 Dodging
 + Level 7.3 Stealth


You had 3 spell levels left.
You didn't know any spells.
Your spell library contained the following spells:

 Spells                   Type           Power      Damage    Failure   Level
 Sandblast                Erth           0%         2d4       30%         1
 Passwall                 Tmut/Erth      0%         N/A       43%         2
 Stone Arrow              Conj/Erth      0%         3d7       67%         3


Dungeon Overview and Level Annotations

Branches:
Dungeon (2/15)

Altars:

Annotations:
D:2 Natasha


Innate Abilities, Weirdness & Mutations

You cannot wear most types of armour.
You are amphibious.
You can wear up to eight rings at the same time.
Your skin changes colour to match your surroundings (Stealth+).
Your rubbery body absorbs attacks. (AC +1, EV +1)
((You are camouflaged when in or above water. (Stealth+)))
You have tentacles for arms and can constrict up to eight enemies at once.


Message History

The gnoll hits you with a +0 whip!
You completely miss the gnoll shaman.
The gnoll shouts!
You grab the gnoll shaman. You constrict the gnoll shaman.
The gnoll shaman closely misses you.
You hit the gnoll shaman.
The gnoll shaman is moderately wounded.
You constrict the gnoll shaman.
The gnoll shaman hits you with a +0 club!
* * * LOW HITPOINT WARNING * * *
You release your grip on the gnoll shaman.
It was a potion of curing.
You feel better. The gnoll shaman misses you. The adder bites you.
The adder barely misses you.
You miss the adder. You grab the adder.
You constrict the adder, but do no damage.
The adder bites you but does no damage.
You hit the adder. Your squeeze misses the adder.
The adder is lightly wounded.
You constrict the adder. The adder misses you.
You hit the adder. You squeeze the adder.
You kill the adder!
Your life force feels restored.
You have reached level 4!
The gnoll shaman calls upon its god to speed up the gnoll.
The gnoll seems to speed up.
The gnoll shaman calls upon its god to speed up the gnoll.
The gnoll seems to speed up.
Natasha closely misses you. Natasha misses you. Natasha claws you.
The gnoll hits you with a +0 whip.
* * * LOW HITPOINT WARNING * * *
The gnoll closely misses you. Natasha closely misses you.
The gnoll throws a throwing net.
The throwing net barely misses you.
There is a stone staircase leading up here.
You see here a throwing net.
The gnoll hits you with a +0 whip!
* * * LOW HITPOINT WARNING * * *
Natasha claws you.
You die...

.........#
.........#######
..)g.........>.##
................##
..#####....g.....#
..# #.....g....#
..# #...g......#
..# #......g...#
..# #........g@#
.## ##.......h##
.* ##........## **
#..........#
#..........#
#..........#
#..........#
#..........#
##........##


You could see a gnoll shaman, Natasha and 4 gnolls.

Vanquished Creatures
  Natasha (D:2)
  2 adders (D:2)
  A dart slug (D:1)
  An endoplasm (D:1)
  2 goblins (D:1)
  A hobgoblin (D:1)
  3 jackals (D:1)
  3 kobolds
  3 ball pythons (D:1)
  A bat (D:1)
  2 rats (D:1)
20 creatures vanquished.

Notes
Turn   | Place    | Note
-------+----------+-------------------------------------------
     0 | D:1      | zeram the Octopode Brigand began the quest for the Orb.
     0 | D:1      | Reached XP level 1. HP: 14/14 MP: 1/1
   182 | D:1      | Reached skill level 6 in Stealth
   182 | D:1      | Reached XP level 2. HP: 16/19 MP: 2/2
   289 | D:1      | Found a faded altar of an unknown god.
   597 | D:1      | You fall into a shaft and drop 1 floor!
   604 | D:2      | Reached XP level 3. HP: 9/24 MP: 3/3
   899 | D:2      | Noticed Natasha
   908 | D:2      | Killed Natasha
   909 | D:2      | Reached skill level 7 in Stealth
   973 | D:2      | Noticed Natasha
  1115 | D:2      | Reached XP level 4. HP: 14/29 MP: 4/4
  1143 | D:2      | HP: 1/29 [gnoll (7)]
  1143 | D:2      | Slain by Natasha

Illustrated notes

Levels and vault maps discovered:
D:1:      minmay_arrival_up_and_down, layout_basic,
          dilly_ecumenical_altar_fadedgnrine
D:2:      layout_rooms, lemuel_flame_loot_1, uniq_sigmund,
          uniq_crazy_yiuf_cottage, uniq_natasha

Skill      XL: |  1  2  3 |
---------------+----------+-----
Stealth        | 6 7 |  7.3
Fighting       | |  2.0
Short Blades   | |  2.3
Throwing       | |  2.0
Dodging        | |  1.1

Action                   |  1- 3 |  4- 6 || total
-------------------------+-------+-------++-------
Melee: Dagger            |    37 |       ||    37
       Punch             |     3 |       ||     3
       Constrict         |     7 |       ||     7
       Tentacles         |     7 |       ||     7
  Use: Scroll            |     6 |       ||     6
       Potion            |     1 |       ||     1
 Stab: Sleeping          |    11 |       ||    11
Armor: Skin              |     3 |       ||     3
Dodge: Dodged            |    13 |     5 ||    18
